 Dungeon Crawl Stone Soup version 0.22-a0-433-gd2a9cce (webtiles) character file.

58 nikopol the Firebug (level 3, -3/19 HPs)
             Began as a Deep Elf Fire Elementalist on May 28, 2018.
             Killed from afar by Sigmund (7 damage)
             ... with a magic dart
             ... on level 2 of the Dungeon.
             The game lasted 00:02:43 (801 turns).

nikopol the Firebug (Deep Elf Fire Elementalist)     Turns: 801, Time: 00:02:43

Health: -3/19      AC:  4    Str:  5    XL:     3   Next: 76%
Magic:  10/10      EV: 13    Int: 20    God:
Gold:   60         SH:  0    Dex: 15    Spells: 8/9 levels left

rFire    . . .     SeeInvis +   e - +3 dagger (drain)
rCold    . . .     Gourm    .   (no shield)
rNeg     . . .     Faith    .   a - +0 robe
rPois    .         Spirit   .   d - +1 helmet {SInv}
rElec    .         Reflect  .   (no cloak)
rCorr    .         Harm     .   (no gloves)
MR       .....                  (no boots)
Stlth    +.........             (no amulet)
HPRegen  0.06/turn              (no ring)
MPRegen  0.12/turn              (no ring)

@: confused
A: no striking features
a: no special abilities


You were on level 2 of the Dungeon.
You were not hungry.

You visited 1 branch of the dungeon, and saw 2 of its levels.

You collected 60 gold pieces.

Inventory:

Hand Weapons
 e - a +3 dagger of draining (weapon)
Armour
 a - a +0 robe (worn)
 d - a +1 helmet of see invisible (worn)
Scrolls
 g - a scroll of teleportation {unknown}
Potions
 b - a potion of degeneration {unknown}
Comestibles
 c - a ration
 f - 3 chunks of flesh


   Skills:
 + Level 2.7 Dodging
 + Level 2.6 Stealth
 + Level 3.9 Spellcasting
 + Level 1.5 Conjurations
 + Level 4.3 Fire Magic


You had 8 spell levels left.
You knew the following spells:

 Your Spells              Type           Power        Failure   Level  Hunger
a - Flame Tongue          Conj/Fire      ###..        3%          1    None

Your spell library contained the following spells:

 Spells                   Type           Power        Failure   Level  Hunger
 Fireball                 Conj/Fire      ###.......   71%         5    ######.
 Conjure Flame            Conj/Fire      ###.....     12%         3    ###....
 Throw Flame              Conj/Fire      ###...       6%          2    ##.....
 Sticky Flame             Conj/Fire      ###.....     36%         4    ####...
 Inner Flame              Hex/Fire       ##......     16%         3    ###....


Dungeon Overview and Level Annotations

Branches:
Dungeon (2/15)

Altars:

Annotations:
D:2 Sigmund


Message History

The flame tongue hits Natasha.
You kill Natasha!
Moaning pathetically, Natasha's spirit plunges into the ground.
You see here the felid corpse of Natasha.
You butcher the felid corpse of Natasha.
f - 3 chunks of flesh (gained 1)
g - a scroll labeled NEYSSA APPOR
Found a stone staircase leading up.
Sigmund is too close now for your liking.
Sigmund shouts!
Sigmund casts a spell at you. The puff of flame hits you!
Sigmund points at you and mumbles some strange words.
The puff of flame hits you!
* * * LOW HITPOINT WARNING * * *
Sigmund casts a spell at you.
You are confused.
Sigmund points at you and mumbles some strange words.
The magic dart hits you!
You die...

########## #.........#
#<#######.# #.# #.#
#.##### #.# #>....# #.# #
#.....###.#############.#
#.........@...@.........#
#............#........###
##......##.##.########.#
##........#.##.# .#
#...........##.# .<
#...........##.# ..#
#..........###.# ..#
##........## #.# ..#
##......## #.. ...


You could see Sigmund.

Vanquished Creatures
  Natasha (D:2)
  An adder (D:2)
  3 dart slugs (D:1)
  A leopard gecko (D:1)
  3 bats (D:1)
  A giant cockroach (D:2)
  2 goblins (D:1)
  2 hobgoblins (D:1)
  2 kobolds (D:1)
  5 rats
21 creatures vanquished.

Notes
Turn   | Place    | Note
-------+----------+-------------------------------------------
     0 | D:1      | nikopol the Deep Elf Fire Elementalist began the quest for the Orb.
     0 | D:1      | Reached XP level 1. HP: 10/10 MP: 6/6
   108 | D:1      | Reached XP level 2. HP: 15/15 MP: 1/8
   382 | D:1      | Reached skill level 4 in Fire Magic
   640 | D:2      | Noticed Sigmund
   707 | D:2      | Noticed Natasha
   711 | D:2      | Reached XP level 3. HP: 19/19 MP: 6/10
   758 | D:2      | Killed Natasha
   801 | D:2      | Killed from afar by Sigmund

Vault maps used:
D:1:      shiori_arrival_elements, serial_park_tiny_2,
          minmay_misc_feat_four_crosses
D:2:      cheibrodos_pilgrimage, first_ration, uniq_terence, uniq_sigmund,
          uniq_robin, uniq_natasha

Skill      XL: |  1  2 |
---------------+-------+-----
Fire Magic     | 4 |  4.3
Dodging        | |  2.7
Stealth        | |  2.6
Spellcasting   | |  3.9
Conjurations   | |  1.5

Action                   || total
-------------------------++-------
 Cast: Flame Tongue      ||    38
Armor: Robe              ||     2
Dodge: Dodged            ||     3

Table legend:
 A = Spawn XP
 B = Non-spawn XP
 C = Spawn XP percentage of total XP
 D = Spawn monster count
 E = Non-spawn monster count
 F = Spawn count percentage of total count
 G = Total turns spent on level
                    A         B        C        D         E        F      G
               +---------+---------+-------+---------+---------+-------+---------
         Total |       0 |      84 |   0.0 |       0 |      21 |   0.0 |   801
               +---------+---------+-------+---------+---------+-------+---------
           D:1 |       0 |      33 |   0.0 |       0 |      17 |   0.0 |   669
           D:2 |       0 |      51 |   0.0 |       0 |       4 |   0.0 |   132
               +---------+---------+-------+---------+---------+-------+---------
